 Dungeon Crawl Stone Soup version 0.31.0-11-ge490571c62 (webtiles) character file.

Game seed: 18419431159425779588

3 Goblin1989 the Sneak (level 1, -1/18 HPs)
             Began as a Demonspawn Delver on Jan 27, 2024.
             Slain by an adder (2 damage)
             ... on level 4 of the Dungeon.
             The game lasted 00:03:46 (299 turns).

Goblin1989 the Sneak (Demonspawn Delver)             Turns: 299, Time: 00:03:47

Health: -1/18      AC:  3    Str: 12    XL:     1   Next: 41%
Magic:  1/1        EV:  8    Int: 10    God:
Gold:   10         SH:  0    Dex: 14    Spells: 0/0 levels left

rFire   . . .        h - +0 rapier
rCold   . . .        (no shield)
rNeg    . . .        b - +0 leather armour
rPois   .            (no helmet)
rElec   .            (no cloak)
rCorr   .            (no gloves)
SInv    .            (no boots)
Will    .....        (no amulet)
Stlth   +++          (no ring)
HPRegen 0.23/turn    (no ring)
MPRegen 0.07/turn

%: no passive effects
@: constricted
A: no striking features
a: no special abilities


You were on level 4 of the Dungeon.
You visited 1 branch of the dungeon, and saw 2 of its levels.

You collected 10 gold pieces.

Inventory:

Hand Weapons
 a - a +0 short sword
 h - a +0 rapier (weapon)
 j - the +6 spear of the Pits of Slime {heavy, rF++}
   (You found it on level 5 of the Dungeon)

   rF++:      It greatly protects you from fire.
Armour
 b - a +0 leather armour (worn)
Wands
 g - a wand of digging (2) {@v3}
Scrolls
 c - a scroll of fog
 e - a scroll of fear
Potions
 i - a potion of mutation {unknown}
 k - a potion of magic {unknown}


   Skills:
 - Level 3.0 Fighting
 + Level 1.9 Short Blades
 - Level 1.7 Dodging
 * Level 4.6 Stealth


You couldn't memorise any spells.
You didn't know any spells.
Your spell library was empty.

Dungeon Overview and Level Annotations

Branches:
Dungeon (5/15) Zot: 11713
 Temple: D:4-7

Altars:
Nemelex Xobeh

Annotations:
D:4 Dowan, Duvessa


Message History

Found a stone staircase leading down.
There is a stone staircase leading down here. 2 gnolls come into view.
Found a rapier.
You see here a +0 rapier.
h - a +0 rapier
h - a +0 rapier (weapon)
Found 10 gold pieces.
Found a sapphire potion.
Found a stone staircase leading down.
You now have 10 gold pieces.
Found an encrusted spear.
i - a sapphire potion
j - the +6 spear of the Pits of Slime {heavy, rF++}
Found a yellow potion.
k - a yellow potion
Found a stone staircase leading up.
There is a stone staircase leading up here.
You climb upwards.
The ball python hisses angrily.
There is a stone staircase leading down here.
You puncture the ball python!
You kill the ball python!
A dart slug comes into view.
Found 15 gold pieces.
You see here a ball python corpse.
An orc and a jackal come into view.
You see here a ball python corpse.
Found a hand axe.
A hobgoblin comes into view.
An iguana comes into view.
The hobgoblin shouts!
You hear a shout!
There is a stone staircase leading down here.
A dart slug comes into view.
The helpless dart slug fails to defend itself.
You puncture the dart slug!
You kill the dart slug!
As you read the scroll of revelation, it crumbles to dust.
You feel aware of your surroundings.
You sensed 1 altar. 2 ball pythons, a kobold, 2 orcs and an endoplasm come into view.
Found a robe, 6 poisoned darts and a chain mail.
Okay, then.
Okay, then.
Aiming: Dig
Press: ? - help, Shift-Dir - straight line A rock wall.
The rock shatters into small pieces.
The iguana bites you. The hobgoblin hits you.
You take 7 damage, and have 11/18 hp.
MASSIVE DAMAGE!!
An ogre comes into view. It is wielding a +0 giant club.
The ball python hisses angrily.
You hear a shout!
The endoplasm quivers.
The ball python hisses angrily.
The kobold shouts!
The ogre shouts!
You hear a shout!
The iguana attacks as it pursues you! The iguana bites you.
You take 1 damage, and have 10/18 hp.
You are too injured to fight recklessly!
You feel yourself speed up.
The jackal barks!
You hear a shout!
The iguana bites you.
* * * LOW HITPOINT WARNING * * *
You take 3 damage, and have 7/18 hp.
A phantom opens the door.
Found 8 gold pieces.
A bombardier beetle comes into view.
An ufetubus comes into view.
An orc comes into view. It is wielding a +0 club.
Your extra speed is starting to run out.
A ball python comes into view.
Found a scroll labelled YFIRIOSCHEG.
Found a sparkling altar of Nemelex Xobeh.
Dowan, Brother of Duvessa comes into view.
He is wielding a +0 dagger.
Dowan shouts!
The ball python hisses angrily.
You feel yourself slow down.
An orc comes into view. It is wielding a +0 dagger.
Found a stone staircase leading up.
Duvessa, Sister of Dowan comes into view.
She is wielding a +0 short sword.
Duvessa shouts!
You hear an angry hiss.
Duvessa throws a stone.
The stone hits you.
You take 1 damage, and have 13/18 hp.
An adder comes into view.
Duvessa hits you with a +0 short sword.
The adder hisses angrily.
You take 2 damage, and have 11/18 hp.
You barely miss the adder. The adder bites you but does no damage.
Duvessa barely misses you.
You hit Duvessa.
Duvessa is lightly wounded.
The adder misses you. The ball python barely misses you. x2
Duvessa hits you with a +0 short sword.
* * * LOW HITPOINT WARNING * * *
The adder bites you.
* * * LOW HITPOINT WARNING * * *
The ball python misses you. The ball python grabs you.
The ball python constricts you.
* * * LOW HITPOINT WARNING * * *
You take 10 damage, and have 1/18 hp.
MASSIVE DAMAGE!!
You hit Duvessa.
Duvessa is moderately wounded.
The adder bites you.
You die...

█..≈≈.≈≈..██·▓▓▓···▓▓·▓▓▓·▓▓·▓
▓█..§.S....█.......·▓·▓ ▓·▓▓·▓
▓██.§§..██.█.......▓▓·▓ ▓·▓▓·▓
█........█.█......·▓▓·▓ ▓·▓▓·▓
█.██████.█.█.....··▓▓·▓▓▓·▓▓·▓
▓·▓ █.█S█...█···▓▓···▓·▓▓·▓ ▓·▓
█.█.█...█··.█▓▓▓·▓····· ▓·▓
█o█.█..S█...█▓▓▓·▓····· ▓ ▓·▓
█.█..S@e....█····▓·····
▓▓▓▓·██████.███████████·▓▓▓▓·····
···..█.............·····▓ ▓·····
▓▓▓█........███████▓▓▓▓▓▓ ▓·····
█.█.██.........█ ▓·····
▓·█.██.........█ ▓·····
▓..............█ ▓·····
▓███.........███ ▓·▓▓·▓
█.........██ ▓·▓▓·▓


You could see Duvessa, an adder and a ball python.

Vanquished Creatures
  A dart slug (D:4)
  A ball python (D:4)
2 creatures vanquished.

Notes
Turn   | Place    | Note
-------+----------+-------------------------------------------
     0 | D:5      | Goblin1989 the Demonspawn Delver began the quest for the
                  | Orb.
     0 | D:5      | Reached XP level 1. HP: 18/18 MP: 1/1
   141 | D:5      | Identified the +6 spear of the Pits of Slime {heavy, rF++}
   209 | D:4      | Noticed an iguana
   246 | D:4      | Noticed an ogre
   255 | D:4      | Noticed a phantom
   260 | D:4      | Noticed a bombardier beetle
   284 | D:4      | Found a sparkling altar of Nemelex Xobeh.
   285 | D:4      | Noticed Dowan
   293 | D:4      | Noticed Duvessa
   299 | D:4      | Slain by an adder

Illustrated notes

Levels and vault maps discovered:
D:4:      layout_basic, mainiacjoe_overflow_small_starburst,
          minmay_fractal_squares_diagonal_5, uniq_duvessa
D:5:      layout_basic, gammafunk_ghost_nasty_kobolds

Action                     || total
---------------------------++-------
  Melee: Rapier            ||     5
  Evoke: Wand              ||     1
    Use: Scroll            ||     1
         Potion            ||     1
   Stab: Sleeping          ||     1
 Armour: Leather armour    ||    10
  Dodge: Dodged            ||     5
